 Dungeon Crawl Stone Soup version 0.14-a0-840-g06343e3 (webtiles) character file.

111 Malachi the Practitioner (level 3, 0/30 HPs)
             Began as a Lava Orc Healer on Nov 13, 2013.
             Was a Believer of Elyvilon.
             Slain by a gnoll
             ... wielding a +0,+0 halberd
              (12 damage)
             ... on Level 2 of the Dungeon.
             The game lasted 00:03:25 (1764 turns).

Malachi the Practitioner (Lava Orc Healer)          Turns: 1764, Time: 00:03:26

HP   0/30        AC  3     Str 15      XL: 3   Next: 98%
MP   3/6         EV 12     Int 12      God: Elyvilon [**....]
Gold 44          SH  0     Dex 10      Spells:  0 memorised,  2 levels left

Res.Fire  : + + +   See Invis. : .   g - +1,+2 dwarf dagger (venom)
Res.Cold  : x . .   Warding    : .   a - +1 orc robe
Life Prot.: . . .   Conserve   : .   (no shield)
Res.Poison: .       Res.Corr.  : .   (no helmet)
Res.Elec. : .       Clarity    : .   (no cloak)
Sust.Abil.: . .     Spirit.Shd : .   (no gloves)
Res.Mut.  : .       Stasis     : .   (no boots)
Res.Rott. : .       Flight     : .   (no amulet)
Saprovore : + . .                    (no ring)
                                     (no ring)

@: not resistant to hostile enchantments, unstealthy
A: conserve scrolls, saprovore 1
a: Lesser Healing, Lesser Self-Healing, Divine Protection, Purification,
Renounce Religion


You were on level 2 of the Dungeon.
You worshipped Elyvilon.
Elyvilon was pleased with you.
You were not hungry.

You visited 1 branch of the dungeon, and saw 2 of its levels.

You collected 44 gold pieces.

Inventory:

Hand weapons
 g - a +1,+2 dwarven dagger of venom (weapon)
 k - a +0,+0 whip
Armour
 a - a +1 orcish robe (worn)
Comestibles
 d - 3 meat rations
 n - a lemon
Scrolls
 f - a scroll of random uselessness {unknown}
 h - a scroll of noise {unknown}
 i - 2 scrolls of teleportation {unknown}
 l - a scroll of remove curse {unknown}
Potions
 b - 2 potions of curing
 c - 2 potions of heal wounds
 e - a potion of restore abilities {unknown}
 j - a potion of brilliance {unknown}
 m - a potion of beneficial mutation {unknown}


   Skills:
 + Level 2.8 Fighting
 + Level 2.8 Dodging
 + Level 0.1 Stealth
 + Level 5.5 Invocations


You had 2 spell levels left.
You didn't know any spells.

Dungeon Overview and Level Annotations

Branches:
Dungeon (2/16)

Altars:


Innate Abilities, Weirdness & Mutations

You have stony skin.
Your flesh is almost immune to the effects of heat.
Your fire spells are more powerful.
Your flesh is vulnerable to cold.
Your heat harms attackers.
You bathe your surroundings in blazing heat.
You are too hot to use scrolls.
You are very good at protecting items from fire.
You can tolerate rotten meat.


Message History

You feel somewhat more hungry.
Your stony skin melts.
Use which ability? (? or * to list)
Press: ? - help, Dir - move target cursor, f - gnoll Heal: a gnoll, wielding a halberd The light of Elyvilon fails to reach the gnoll.
You feel somewhat more hungry. The gnoll closely misses you.
You're getting fired up.
Use which ability? (? or * to list)
Press: ? - help, Dir - move target cursor, f/p - gnoll Heal: a gnoll, wielding a halberd The light of Elyvilon fails to reach the gnoll.
You feel somewhat more hungry.
Use which ability? (? or * to list)
Press: ? - help, Dir - move target cursor, f/p - gnoll Heal: a gnoll, wielding a halberd The light of Elyvilon fails to reach the gnoll.
You feel somewhat more hungry.
The gnoll hits you from afar with a halberd!
You die...

#.
#......#.#.#####.....
#.####g###..#.#.#
###### #.g...g#
#..#.#.# #
######.###.##.#.# #
#.....##.#.# #
###g####.#.# #
#g##.....# #
#######.##.###.# #
.........@..# #.# #
##########.# #.#
......# ##.#### .# .#
.# .


You could see 2 gnolls.

Vanquished Creatures
  2 adders (D:2)
  3 giant geckos
  2 giant cockroaches (D:1)
  2 goblins (D:1)
  5 hobgoblins (D:1)
  3 jackals (D:2)
  7 bats (D:1)
  5 giant newts
  8 kobolds (D:1)
  4 rats
41 creatures vanquished.

Vanquished Creatures (others)
  A giant cockroach (D:1)
1 creature vanquished.

Grand Total: 42 creatures vanquished

Notes
Turn   | Place    | Note
--------------------------------------------------------------
     0 | D:1      | Malachi, the Lava Orc Healer, began the quest for the Orb.
     0 | D:1      | Reached XP level 1. HP: 17/17 MP: 2/2
   325 | D:1      | Reached skill level 5 in Invocations
   334 | D:1      | Reached XP level 2. HP: 15/24 MP: 2/4
  1133 | D:1      | Reached XP level 3. HP: 30/30 MP: 6/6
  1764 | D:2      | Slain by a gnoll

Action                   || total
-------------------------++-------
Melee: Unarmed           ||    42
       Dagger            ||   103
       Whip              ||    14
Invok: Lesser Healing    ||     7
